 Dungeon Crawl Stone Soup version 0.19.1-1-g22dce08 (webtiles) character file.

94 MovingMist the Skirmisher (level 4, -7/36 HPs)
             Began as a Demonspawn Abyssal Knight on Jan 20, 2017.
             Was a Believer of Lugonu.
             Killed from afar by Paps's ghost (10 damage)
             ... with a flame tongue
             ... on level 3 of the Dungeon.
             The game lasted 00:05:18 (2163 turns).

MovingMist the Skirmisher (DsAK)                    Turns: 2163, Time: 00:05:20

Health: -7/36      AC:  5    Str: 12    XL:     4   Next: 38%
Magic:  6/6        EV: 10    Int: 13    God:    Lugonu [**....]
Gold:   90         SH:  3    Dex: 14    Spells: 0 memorised, 3 levels left

rFire  . . .     SeeInvis .     a - +1 mace
rCold  + . .     Gourm    .     l - +0 ring mail
rNeg   . . .     Faith    .     g - +0 buckler
rPois  .         Spirit   .     (no helmet)
rElec  .         Reflect  .     (no cloak)
rCorr  .         Harm     .     (no gloves)
MR     .....                    (no boots)
Stlth  +.........               (no amulet)
                                (no ring)
                                (no ring)

@: no status effects
A: claws 1, cold resistance 1, freezing cloud immunity
a: Depart the Abyss, Bend Space, Renounce Religion


You were on level 3 of the Dungeon.
You worshipped Lugonu.
Lugonu was pleased with you.
You were not hungry.

You visited 1 branch of the dungeon, and saw 3 of its levels.
You visited the Abyss 1 time.

You collected 90 gold pieces.

Inventory:

Hand Weapons
 a - a +1 mace (weapon)
Missiles
 h - 2 tomahawks of returning (quivered)
Armour
 g - a +0 buckler (worn)
 l - a +0 ring mail (worn)
 x - a +0 pair of gloves
Jewellery
 v - a cursed amulet of inaccuracy {unknown}
Scrolls
 e - a scroll of noise {unknown}
 i - 2 scrolls of recharging {unknown}
 k - a scroll of magic mapping {unknown}
 m - 2 scrolls of identify {unknown}
 p - a scroll of teleportation {unknown}
 q - a scroll of remove curse {unknown}
 s - a scroll of enchant weapon {unknown}
Potions
 b - 2 potions of cure mutation {unknown}
 n - 2 potions of lignification {unknown}
 o - 2 potions of degeneration {unknown}
 r - 2 potions of flight {unknown}
 t - a potion of curing {unknown}
 u - a potion of heal wounds {unknown}
 w - 2 potions of magic {unknown}
Comestibles
 c - 5 bread rations
 d - 3 chunks of flesh
 f - a beef jerky
 j - 4 meat rations


   Skills:
 + Level 3.6 Fighting
 + Level 2.5 Maces & Flails
 - Level 1.7 Armour
 * Level 2.2 Dodging
 + Level 3.4 Invocations


You had 3 spell levels left.
You didn't know any spells.

Dungeon Overview and Level Annotations

Branches:
Dungeon (3/15)

Altars:
Elyvilon
Nemelex Xobeh
Yredelemnul

Annotations:
D:3 Paps's ghost, amateur DEFE


Innate Abilities, Weirdness & Mutations

You have sharp fingernails.
Your flesh is cold resistant. (rC+)
You are immune to freezing clouds.


Message History

Paps's ghost hits you but does no damage.
You hit Paps's ghost.
Paps's ghost is heavily damaged.
Paps's ghost screams, "You must not succeed where I failed!"
Paps's ghost hits you but does no damage.
You barely miss Paps's ghost.
Paps's ghost is heavily damaged.
Paps's ghost casts a spell at you. The flame tongue misses you.
You hit Paps's ghost.
Paps's ghost is heavily damaged.
Paps's ghost hits you but does no damage.
You hit Paps's ghost but do no damage.
Paps's ghost is heavily damaged.
Paps's ghost points at you and mumbles some strange words.
The flame tongue hits you!
* * * LOW HITPOINT WARNING * * *
Paps's ghost points at you and mumbles some strange words.
The flame tongue hits you!
You die...

#########
#.......#
#.#####@# #.#
#W#
#.#####g#####.
#.#....l.(.....
#.......####...
###^##### #.#
####.####
#.......#


You could see Paps's ghost, a hobgoblin and a frilled lizard.

Vanquished Creatures
  2 adders (D:3)
  An ooze (D:2)
  A worm (D:2)
  2 orcs
  6 bats
  3 giant cockroaches
  7 goblins
  10 hobgoblins
  4 jackals (D:3)
  7 kobolds
  2 quokkas (D:2)
  2 ball pythons (D:1)
  A frilled lizard (D:1)
  12 rats
60 creatures vanquished.

Notes
Turn   | Place    | Note
-------+----------+-------------------------------------------
     0 | Abyss:1  | MovingMist the Demonspawn Abyssal Knight began the quest for the Orb.
     0 | Abyss:1  | Reached XP level 1. HP: 18/18 MP: 2/2
     8 | D:1      | Escaped the Abyss
    19 | D:1      | Noticed a polar bear
    19 | D:1      | Noticed a swamp drake
    19 | D:1      | Noticed a black mamba
    76 | D:1      | Reached skill level 1 in Dodging
   358 | D:1      | Gained mutation: Your flesh is cold resistant. (rC+) [demonic ancestry]
   358 | D:1      | Reached XP level 2. HP: 24/24 MP: 4/4
   773 | D:1      | Reached ** piety under Lugonu
   809 | D:2      | Found a basalt altar of Yredelemnul.
   920 | D:2      | Gained mutation: You are immune to freezing clouds. [demonic ancestry]
   920 | D:2      | Reached XP level 3. HP: 29/29 MP: 5/5
  1077 | D:2      | Found a sparkling altar of Nemelex Xobeh.
  1337 | D:2      | Found a white marble altar of Elyvilon.
  1755 | D:3      | Gained mutation: You have sharp fingernails. [demonic ancestry]
  1755 | D:3      | Reached XP level 4. HP: 28/35 MP: 6/6
  2142 | D:3      | Noticed Paps's ghost (amateur DEFE)
  2163 | D:3      | Killed from afar by Paps's ghost

Skill      XL: |  1  2  3 |
---------------+----------+-----
Dodging        | 1 2 |  2.2
Maces & Flails | 2 |  2.5
Invocations    | 3 |  3.4
Fighting       | |  3.6
Armour         | |  1.7

Action                   |  1- 3 |  4- 6 || total
-------------------------+-------+-------++-------
Melee: Mace              |   129 |    81 ||   210
Throw: Tomahawk          |     2 |       ||     2
  Eat: Chunk             |     3 |     1 ||     4
Armor: Leather armour    |    10 |       ||    10
       Ring mail         |    43 |    38 ||    81
Dodge: Dodged            |    70 |    48 ||   118
Block: Buckler           |    14 |    17 ||    31
